 Dungeon Crawl Stone Soup version 0.30-a0-913-g9934a0ce24 (webtiles) character file.

Game seed: 8937955503075455833

7340 Sobieck the Covert (level 10, -1/49 HPs)
             Began as a Spriggan Earth Elementalist on Mar 19, 2023.
             Was a Believer of Ashenzari.
             Slain by a hornet (12 damage)
             ... on level 9 of the Dungeon.
             The game lasted 00:23:21 (11231 turns).

Sobieck the Covert (Spriggan Earth Elementalist)   Turns: 11231, Time: 00:23:21

Health: -1/49      AC:  5    Str:  4    XL:     10   Next: 91%
Magic:  21/24      EV: 22    Int: 21    God:    Ashenzari [**....]
Gold:   378        SH:  0    Dex: 16    Spells: 17/27 levels left

rFire   . . .      SeeInvis +    h - +0 dagger "Visionary Portent" {short, Comp, Alch} (curse)
rCold   . . .      Faith    .    (no shield)
rNeg    . . .      Spirit   .    l - +0 robe of the Ruined Ether {Will+, Elem, Range} (curse)
rPois   .          Reflect  .    (helmet restricted)
rElec   .          Rampage  .    n - +2 cloak of Ashenzari's Levity {Evo, Elem} (curse)
rCorr   .                        (gloves unavailable)
Will    ++...                    (boots unavailable)
Stlth   +++++                    R - amulet of the acrobat
HPRegen 0.28/turn                (no ring)
MPRegen 0.19/turn                (no ring)

@: lethally poisoned (-1 -> -4), hasted, very quick
A: very small, no large weapons, unfitting armour, see invisible, speed 3
a: Renounce Religion, Shatter the Chains


You were on level 9 of the Dungeon.
You worshipped Ashenzari.
Ashenzari was pleased with you.
You visited 1 branch of the dungeon, and saw 10 of its levels.

You collected 565 gold pieces.
You spent 187 gold pieces at shops.


Innate Abilities, Weirdness & Mutations

You are very small and have problems with some larger weapons.
You are too small for most types of armour.
You have supernaturally acute eyesight. (SInv)
You cover ground extremely quickly. (Speed+++)


   Skills:
 - Level 4.0 Fighting
 - Level 4.0 Short Blades
 - Level 9.0 Dodging
 + Level 13.1 Stealth
 - Level 9.0 Spellcasting
 + Level 3.9 Conjurations
 - Level 1.3(2.1) Transmutations
 - Level 7.2(9.0) Earth Magic


You had 17 spell levels left.
You knew the following spells:

 Your Spells              Type           Power      Damage    Failure   Level
a - Sandblast             Erth           94%        2d19      1%          1
b - Passwall              Tmut/Erth      26%        N/A       1%          2
c - Stone Arrow           Conj/Erth      72%        3d11      1%          3
d - Petrify               Tmut/Erth      32%        N/A       7%          4

Your spell library contained the following spells:

 Spells                   Type           Power      Damage    Failure   Level
 Magic Dart               Conj           100%       1d8       1%          1
 Searing Ray              Conj           50%        2d6       2%          2
 Shock                    Conj/Air       72%        1d7       3%          1
 Swiftness                Air            10%        N/A       21%         3
 Fulminant Prism          Conj/Hex       8%         3d7       32%         4
 Airstrike                Air            5%         2d(1-17)  54%         4
 Summon Lightning Spire   Summ/Air       10%        N/A       56%         4
 Storm Form               Tmut/Air       7%         N/A       100%        7
 Maxwell's Capacitive Co  Air            5%         ∞         100%        8

Inventory:

Hand Weapons
 a - a +2 dagger of venom {short}
   (You took it off a goblin on level 4 of the Dungeon)
 f - a +0 club {mace}
   (You took it off a goblin on level 1 of the Dungeon)
 g - a +0 whip {mace}
   (You found it on level 1 of the Dungeon)
 h - the cursed +0 dagger "Visionary Portent" (weapon) {short, Comp, Alch}
   (You found it on level 1 of the Dungeon)

   It has a curse which improves the following skills: Companions: Summonings
   and Necromancy.
   Alchemy:   Poison Magic and Transmutations.
 K - a +0 hand crossbow of flaming {crossbow}
   (You bought it in a shop on level 6 of the Dungeon)
Missiles
 c - 94 stones {throwing}
 o - a throwing net {=f!fthrowing}
 p - 10 boomerangs {throwing}
 z - 39 poisoned darts {throwing}
 Q - 3 curare-tipped darts {=fthrowing}
Armour
 l - the cursed +0 robe of the Ruined Ether (worn) {Will+, Elem, Range}
   (You took it off an orc wizard on level 4 of the Dungeon)

   It has a curse which improves the following skills: Elements: Fire Magic, Ice
   Magic, Air Magic and Earth Magic.
   Ranged Combat: Ranged Weapons and Throwing.
 n - the cursed +2 cloak of Ashenzari's Levity (worn) {Evo, Elem}
   (You found it on level 4 of the Dungeon)

   It has a curse which improves the following skills: Evocations: Evocations.
   Elements:  Fire Magic, Ice Magic, Air Magic and Earth Magic.
 s - a +0 robe
   (You took it off a gnoll on level 2 of the Dungeon)
 v - a +0 robe
   (You took it off an orc wizard on level 7 of the Dungeon)
 y - a +0 robe
   (You found it on level 3 of the Dungeon)
 A - a +0 robe
 E - a +0 robe
   (You took it off Sigmund on level 5 of the Dungeon)
 L - a +0 robe
   (You took it off an orc wizard on level 6 of the Dungeon)
 M - a +0 robe
   (You took it off an orc wizard on level 6 of the Dungeon)
 P - a +0 robe
   (You took it off an orc wizard on level 7 of the Dungeon)
 S - a +0 robe
   (You took it off a wight on level 7 of the Dungeon)
 T - a +0 robe
   (You took it off a wight on level 7 of the Dungeon)
 U - a +2 robe of willpower
   (You took it off a wight on level 7 of the Dungeon)
 V - a +0 robe
   (You took it off a wight on level 7 of the Dungeon)
 X - a +0 robe
   (You found it on level 7 of the Dungeon)
Magical Staves
 B - a staff of air {!astaff}
   (You found it on level 5 of the Dungeon)
 F - a staff of conjuration {!a@e2staff}
   (You found it on level 5 of the Dungeon)
Jewellery
 R - an amulet of the acrobat (around neck)
   (You took it off an orc on level 7 of the Dungeon)
Wands
 x - a wand of acid (15)
   (You found it on level 3 of the Dungeon)
 Y - a wand of mindburst (14)
   (You found it on level 8 of the Dungeon)
 Z - a wand of iceblast (10)
   (You found it on level 8 of the Dungeon)
Scrolls
 d - a scroll of enchant weapon
 e - 5 scrolls of teleportation {@r4}
 i - a scroll of fog
 q - 4 scrolls of blinking {!r}
 C - 3 scrolls of amnesia
 D - a scroll of noise {!r}
 H - a scroll of fear
 I - 2 scrolls of magic mapping {!r}
 J - a scroll of immolation {!r!r}
 N - 4 scrolls of identify {@r1}
 W - a scroll of vulnerability {!r!r}
Potions
 b - 2 potions of magic
 j - 2 potions of haste {@q3}
 k - a potion of mutation {!q}
 m - 3 potions of attraction {!q}
 r - 3 potions of lignification {!q}
 t - 10 potions of curing {@q1}
 u - 3 potions of flight
 w - 3 potions of brilliance
 G - 2 potions of invisibility
 O - 2 potions of ambrosia

Dungeon Overview and Level Annotations

Branches:
Dungeon (10/15) Zot: 26543  Temple (0/1) D:7
   Lair: D:8-11         Orc: D:9-12

Altars:
Ashenzari
Kikubaaqudgha
Qazlal
Xom
Zin
The Shining One

Shops:
D:2 [ D:6

(**? #### ##..# #.#.#.#..#.#
####. ...# ##.# #.#.#....#.# #.
...######.####.#.#..#.#.########.
...............#....#.#.#........
...##########..#...##.#.#.#######
...# #.....(#.#.##.#.#.#
...######.##.[>.V#.##.#.#.#
#####.....##.###y#.##.#.#.#
#####.....##.# #@#.##.#.#.#
#.........##.# #....#.#.#.#
.............# ######.#.#.#
..........#..# #.......#.#
....)####.#..# #.......#.# .....#
#.#..# #.......#.# .....# #.#..#
#####.#.#.# .....# #.#..# #.#.#.#
.##### #.#..# #.#.#.#


You could see a hornet and a vampire.


Message History

Unknown command.
You climb downwards.
The centaur wields a +0 shortbow.
The centaur shoots an arrow.
The arrow completely misses you.
The vampire gestures wildly while chanting.
The vampire flickers and vanishes for a moment.
The centaur shoots an arrow.
The arrow misses you.
There is a stone staircase leading up, spattered with blood here.
Unknown command.
Danger!
Unknown command.
Casting: Stone Arrow (safe; 1% risk of failure)
Confirm with . or Enter, or press ? or * to list all spells.
Aiming: Stone Arrow (safe; 1% risk of failure)
Press: ? - help, Shift-Dir - straight line, f - centaur
Aim: a centaur, wielding a +0 shortbow (84% to hit)
The stone arrow hits the centaur!
The centaur shoots an arrow.
The arrow closely misses you.
Casting: Stone Arrow (safe; 1% risk of failure)
Confirm with . or Enter, or press ? or * to list all spells.
Aiming: Stone Arrow (safe; 1% risk of failure)
Press: ? - help, Shift-Dir - straight line, f/p - centaur
Aim: a centaur, wielding a +0 shortbow (heavily wounded, 84% to hit)
The stone arrow hits the centaur!!
You kill the centaur!
Casting: Stone Arrow (safe; 1% risk of failure)
Confirm with . or Enter, or press ? or * to list all spells.
Okay, then.
Unknown command.
The orc priest hits you with a +0 hand axe.
You climb upwards.
There is a stone staircase leading down, spattered with blood here.
Casting: Stone Arrow (safe; 1% risk of failure)
Confirm with . or Enter, or press ? or * to list all spells.
Okay, then.
The blast of sand misses the orc priest.
The orc priest barely misses you.
The orc priest calls down the wrath of Beogh upon you.
Beogh smites you!
You are too injured to fight recklessly!
Unknown command.
You are too injured to fight recklessly!
You are too injured to fight recklessly!
Unknown command.
Casting: Sandblast (safe; 1% risk of failure)
Confirm with . or Enter, or press ? or * to list all spells.
Aiming: Sandblast (safe; 1% risk of failure)
Press: ? - help, Shift-Dir - straight line, f/p - orc priest
Aim: an orc priest, wielding a +0 hand axe and wearing a +0 ring mail (87% to hit)
The blast of sand hits the orc priest!!
You kill the orc priest!
Casting: Sandblast (safe; 1% risk of failure)
Confirm with . or Enter, or press ? or * to list all spells.
Aiming: Sandblast (safe; 1% risk of failure)
Press: ? - help, Shift-Dir - straight line, f - you That would be overly suicidal.
Okay, then.
Unknown command.
Unknown command.
You start resting.
You start resting.
Unknown command.
You climb downwards.
The vampire hits you! The vampire closely misses you. The hornet misses you.
There is a stone staircase leading up, spattered with blood here.
Danger!
The two-headed ogre shouts in stereo!
You hear a shout!
The vampire misses you. The vampire barely misses you.
The hornet barely misses you.
You climb upwards.
There is a stone staircase leading down, spattered with blood here.
Unknown command.
Casting: Sandblast (safe; 1% risk of failure)
Confirm with . or Enter, or press ? or * to list all spells.
Okay, then.
Unknown command.
Casting: Sandblast (safe; 1% risk of failure)
Confirm with . or Enter, or press ? or * to list all spells.
Aiming: Petrify (dangerous; 7% risk of failure)
Press: ? - help, Shift-Dir - straight line, f - hornet
Aim: a hornet (chance to affect: 52%)
The hornet resists with significant effort.
The hornet misses you. The hornet stings you!
You are poisoned.
You suddenly lose the ability to move!
You feel sick. The hornet stings you.
* * * LOW HITPOINT WARNING * * *
You shrug off the repeated paralysis!
You feel sick.
The hornet stings you but does no damage.
The hornet stings you!
* * * LOW HITPOINT WARNING * * *
You feel yourself slow down.
You can move again.
Unknown command.
Unknown command.
Unknown command.
You feel yourself speed up.
You feel yourself speed up.
You feel sick. The hornet stings you!
You die...

Skill      XL: |  1  2  3  4  5  6  7  8  9 10 |
---------------+-------------------------------+-----
Dodging        | 3 4 5 6 8 9 |  9.0
Spellcasting   | 3 4 5 6 8 9 |  9.0
Short Blades   | 1 2 3 4 |  4.0
Earth Magic    | 3 4 5 6 7 |  7.2
Fighting       | 1 2 3 4 |  4.0
Stealth        | 4 5 6 8 10 13 | 13.1
Conjurations   | 3 |  3.9
Transmutations | |  1.3

Action                     |  1- 3 |  4- 6 |  7- 9 | 10-12 || total
---------------------------+-------+-------+-------+-------++-------
  Melee: Dagger            |     2 |    14 |    31 |    12 ||    59
         Punch             |       |     1 |       |       ||     1
  Throw: Dart              |       |     1 |       |       ||     1
   Cast: Sandblast         |    60 |    92 |   199 |    84 ||   435
         Passwall          |       |       |     3 |     1 ||     4
         Stone Arrow       |       |       |     6 |    27 ||    33
         Petrify           |       |       |       |     3 ||     3
 Invoke: Curse Item        |       |       |     2 |     1 ||     3
  Evoke: Wand              |       |     2 |       |       ||     2
    Use: Scroll            |       |    13 |     7 |       ||    20
         Potion            |       |       |     2 |     1 ||     3
   Stab: Sleeping          |       |     4 |     7 |     6 ||    17
         Petrifying        |       |       |       |     1 ||     1
         Petrified         |       |       |       |     1 ||     1
 Armour: Robe              |     3 |     6 |    11 |    11 ||    31
  Dodge: Dodged            |    33 |    56 |   133 |   106 ||   328

Levels and vault maps discovered:
D:1:      lemuel_arrival_broad_hall, layout_loops_ring, nicolae_hexahallways
D:2:      layout_rooms, basic_altar, serial_shops, shop
D:3:      layout_basic, minmay_misc_feat_hallway, chequers_serial_rivers_room_a,
          serial_bayou_pond_e, kennysheep_potato
D:4:      layout_loops_ring, nicolae_overflow_quartered_altars
D:5:      cheibrodos_barr_body, layout_loops_ring, led_xom_imps, uniq_sigmund
D:6:      layout_basic, serial_shops, nicolae_shop_trees, shop_statue,
          nicolae_stop_n_shop_1, minmay_shop_damaged, kennysheep_boxes
D:7:      cheibrodos_fertilizer, layout_loops_ring, minmay_temple_entry_hall
D:8:      layout_loops_ring, uniq_psyche, uniq_grum
D:9:      layout_basic
D:10:     nzn_winding_woodlands_stair_cross [nzn_winding_woodlands_5x15_twine,
          nzn_winding_woodlands_center_garden, nzn_winding_woodlands_5x15_pool,
          nzn_winding_woodlands_5x5_three, nzn_winding_woodlands_hourglass,
          nzn_winding_woodlands_5x15_concentric,
          nzn_winding_woodlands_center_lodge,
          nzn_winding_woodlands_5x15_parted], layout_rooms, erik_lair_island,
          serial_glass, glass_columns_b, glass_columns_b,
          corexii_hall_statues_l, uniq_fannar

Notes
Turn   | Place    | Note
-------+----------+-------------------------------------------
     0 | D:1      | Sobieck the Spriggan Earth Elementalist began the quest for
                  | the Orb.
     0 | D:1      | Reached XP level 1. HP: 9/9 MP: 5/5
   563 | D:1      | Reached XP level 2. HP: 14/14 MP: 4/6
   895 | D:1      | Reached skill level 3 in Dodging
  1083 | D:2      | Reached skill level 3 in Spellcasting
  1301 | D:2      | Reached XP level 3. HP: 6/17 MP: 3/8
  1389 | D:2      | Reached skill level 1 in Short Blades
  1389 | D:2      | Reached skill level 3 in Earth Magic
  1485 | D:2      | HP: 2/17 [gnoll/+0 spear (5)]
  1666 | D:2      | Reached skill level 1 in Fighting
  1666 | D:2      | Reached skill level 4 in Stealth
  1737 | D:2      | Found Qidoi's Armour Shop.
  1742 | D:2      | Found a glowing silver altar of Zin.
  1748 | D:2      | Reached XP level 4. HP: 22/22 MP: 7/9
  1883 | D:2      | Learned a level 2 spell: Passwall
  1887 | D:2      | Learned a level 3 spell: Stone Arrow
  2153 | D:2      | You pick up a book of Conjurations {@e2} and begin
                  | reading...
  2153 | D:2      | You add the spells Magic Dart, Searing Ray and Fulminant
                  | Prism to your library.
  3419 | D:4      | Reached XP level 5. HP: 17/25 MP: 6/11
  3994 | D:4      | Reached skill level 2 in Short Blades
  3994 | D:4      | Reached skill level 4 in Dodging
  3994 | D:4      | Reached skill level 5 in Stealth
  4039 | D:4      | Found a glowing golden altar of the Shining One.
  4039 | D:4      | Found an ancient bone altar of Kikubaaqudgha.
  4040 | D:4      | Found a broken altar of Ashenzari.
  4048 | D:4      | Found a stormy altar of Qazlal.
  4053 | D:4      | Became a worshipper of Ashenzari the Shackled
  4305 | D:5      | Entered Level 5 of the Dungeon
  4308 | D:5      | Reached skill level 4 in Spellcasting
  4346 | D:4      | Reached XP level 6. HP: 24/30 MP: 9/13
  4585 | D:5      | Reached skill level 2 in Fighting
  4638 | D:5      | Noticed a two-headed ogre
  4690 | D:4      | Killed a two-headed ogre
  4691 | D:4      | Reached skill level 3 in Short Blades
  4691 | D:4      | Reached skill level 5 in Dodging
  4691 | D:4      | Reached skill level 6 in Stealth
  4691 | D:4      | Reached skill level 5 in Spellcasting
  4691 | D:4      | Reached skill level 4 in Earth Magic
  4691 | D:4      | Reached XP level 7. HP: 26/35 MP: 7/15
  4691 | D:4      | Reached XP level 8. HP: 29/39 MP: 7/16
  4778 | D:4      | Reached skill level 4 in Short Blades
  4778 | D:4      | Reached skill level 7 in Stealth
  4857 | D:5      | Reached skill level 3 in Fighting
  4970 | D:5      | Reached skill level 6 in Dodging
  5152 | D:5      | Noticed Sigmund
  5159 | D:5      | Killed Sigmund
  5470 | D:5      | Found a shimmering altar of Xom.
  5477 | D:5      | Reached skill level 6 in Spellcasting
  5673 | D:5      | Reached skill level 8 in Stealth
  5795 | D:6      | Found Assyfy's General Store.
  5833 | D:6      | Found Qigaipet's Weapon Boutique.
  5853 | D:6      | Reached skill level 5 in Earth Magic
  5939 | D:6      | Found Siqaojyj's Lightly-Used Armoury.
  5944 | D:6      | Bought a -1 hand crossbow for 1 gold piece
  5992 | D:6      | You pick up a book of the Sky and begin reading...
  5992 | D:6      | You add the spells Summon Lightning Spire, Storm Form and
                  | Maxwell's Capacitive Coupling to your library.
  6170 | D:6      | Reached XP level 9. HP: 45/45 MP: 16/19
  6389 | D:6      | Reached skill level 7 in Dodging
  6484 | D:6      | Found Jukass's Magic Scroll Boutique.
  6497 | D:6      | Bought a scroll of brand weapon for 104 gold pieces
  6497 | D:6      | Bought a scroll of enchant armour for 82 gold pieces
  6905 | D:6      | You pick up a book of Air and begin reading...
  6905 | D:6      | You add the spells Shock, Swiftness and Airstrike to your
                  | library.
  7122 | D:7      | Reached skill level 4 in Fighting
  7179 | D:7      | Reached skill level 9 in Stealth
  7179 | D:7      | Reached skill level 7 in Spellcasting
  7341 | D:7      | Found a staircase to the Ecumenical Temple.
  7422 | D:7      | Reached * piety under Ashenzari
  7518 | D:7      | Reached skill level 8 in Dodging
  7705 | D:7      | HP: 11/45 [slime creature (13)]
  7835 | D:7      | Reached skill level 6 in Earth Magic
  7860 | D:7      | Reached skill level 10 in Stealth
  8025 | D:7      | Reached skill level 8 in Spellcasting
  8031 | D:7      | Learned a level 4 spell: Petrify
  8322 | D:7      | Reached XP level 10. HP: 49/49 MP: 19/23
  8792 | D:8      | Reached skill level 1 in Conjurations
  8895 | D:8      | Noticed Psyche
  8918 | D:8      | Killed Psyche
  8919 | D:8      | Reached skill level 9 in Dodging
  9063 | D:8      | Reached skill level 11 in Stealth
  9365 | D:8      | Noticed Grum
  9371 | D:8      | Killed Grum
  9569 | D:9      | Reached skill level 2 in Conjurations
  9735 | D:9      | Reached skill level 9 in Spellcasting
  9735 | D:9      | Reached skill level 7 in Earth Magic
 10193 | D:9      | Identified the +6 demon whip "Qipsamp" {venom, +Blink rN+}
 10414 | D:9      | Reached ** piety under Ashenzari
 10755 | D:10     | Entered Level 10 of the Dungeon
 10765 | D:10     | Noticed a gargoyle
 10776 | D:9      | Reached skill level 12 in Stealth
 10844 | D:10     | Reached skill level 3 in Conjurations
 10909 | D:10     | Noticed a gargoyle
 10912 | D:10     | Killed a gargoyle
 11017 | D:9      | Reached skill level 13 in Stealth
 11222 | D:10     | Noticed a two-headed ogre
 11228 | D:9      | Paralysed by a hornet for 3 turns
 11230 | D:9      | HP: 11/49 [hornet (7)]
 11231 | D:9      | Slain by a hornet

Vanquished Creatures
  A two-headed ogre (D:4)
  A gargoyle (D:10)
  An unseen horror (D:10)
  Psyche (D:8)
  Sigmund (D:5)
  3 slime creatures (D:7)
  A vampire (D:9)
  4 wyverns
  3 yaks
  A vampire mosquito (D:9)
  Grum (D:8)
  An acid dragon (D:9)
  A sky beast (D:7)
  2 ice beasts
  2 black bears
  3 wolves (D:8)
  4 centaurs
  A phantom (D:6)
  6 kobold brigands
  A bullfrog (D:7)
  2 gnoll sergeants
  2 scorpions
  4 wights (D:7)
  7 killer bees
  5 howler monkeys
  4 crimson imps (D:5)
  A gnoll bouda (D:7)
  5 jellies (D:7)
  4 orc priests
  5 hounds
  4 iguanas
  A sleepcap (D:6)
  5 orc wizards
  20 gnolls
  6 adders
  2 shadow imps
  3 white imps
  3 worms
  2 dart slugs
  24 orcs
  13 endoplasms
  3 giant cockroaches
  7 goblins
  5 hobgoblins
  8 jackals
  3 quokkas
  6 ball pythons
  2 bats
  5 frilled lizards
  23 kobolds
  4 rats
227 creatures vanquished.

Vanquished Creatures (others)
  9 fungi (D:7)
  48 plants
  7 toadstools (D:7)
64 creatures vanquished.

Grand Total: 291 creatures vanquished

Table legend:
 A = Non-vault XP
 B = Vault XP
 C = Vault XP percentage of total XP
 D = Non-vault monster count
 E = Vault monster count
 F = Vault count percentage of total count
                 A         B        C        D         E       F
            +---------+---------+-------+---------+---------+-------
      Total |    5705 |    4781 |  45.6 |     178 |      49 |  21.6
            +---------+---------+-------+---------+---------+-------
        D:1 |      25 |       0 |   0.0 |      17 |       0 |   0.0
        D:2 |      94 |       0 |   0.0 |      21 |       0 |   0.0
        D:3 |      57 |       2 |   3.4 |      18 |       2 |  10.0
        D:4 |     185 |     986 |  84.2 |      18 |       3 |  14.3
        D:5 |     242 |     791 |  76.6 |      16 |      15 |  48.4
        D:6 |     640 |       0 |   0.0 |      21 |       0 |   0.0
        D:7 |    2207 |     417 |  15.9 |      30 |      16 |  34.8
        D:8 |     749 |     917 |  55.0 |      18 |       5 |  21.7
        D:9 |    1506 |     525 |  25.8 |      19 |       4 |  17.4
       D:10 |       0 |    1143 | 100.0 |       0 |       4 | 100.0
            +---------+---------+-------+---------+---------+-------

Illustrated notes

Table legend:
 A = Kills in this place as a percentage of kills in the entire game.
 B = Kills by you in this place as a percentage of kills by you in the entire game.
 C = Kills by friends in this place as a percentage of kills by friends in the entire game.
 D = Other kills in this place as a percentage of other kills in the entire game.
 E = Experience gained in this place as a percentage of experience gained in the entire game.
 F = Experience gained in this place divided by the number of levels of this place that you have seen.
                   A       B       C       D       E      F
               +-------+-------+-------+-------+-------+----------------------
         Total | 100.0 | 100.0 |   N/A |   N/A | 100.0 | 1048.6
       Dungeon | 100.0 | 100.0 |   N/A |   N/A | 100.0 | 1048.6
               +-------+-------+-------+-------+-------+----------------------

Table legend: (Time is in decaauts)
 A = Elapsed time spent in this place.
 B = Non-inter-level travel time spent in this place.
 C = Inter-level travel time spent in this place.
 D = Time resting spent in this place.
 E = Time spent auto-exploring this place.
 F = Levels seen in this place.
 G = Mean time per level.
                   A        B        C        D        E       F      G
               +--------+--------+--------+--------+--------+-----+--------+
         Total |   8698 |   8489 |    209 |   1421 |   5450 |  10 |  869.8 |
       Dungeon |   8698 |   8489 |    209 |   1421 |   5450 |  10 |  869.8 |
               +--------+--------+--------+--------+--------+-----+--------+

Top non-repeatable levels by time:
     D:7: 1454 daAuts
     D:9: 1248 daAuts
     D:5: 1040 daAuts
     D:1: 1025 daAuts
     D:3: 880 daAuts
     D:4: 855 daAuts
     D:6: 790 daAuts
     D:2: 711 daAuts
     D:8: 595 daAuts
    D:10: 96 daAuts
